 Dungeon Sprint DCSS version 0.29.1-12-g30fa7ad0bf (webtiles) character file.

Game seed: 1504439302485799259

748 Groucho the Unseen (level 7, -1/48 HPs)
             Began as a Spriggan Enchanter on Dec 17, 2022.
             Slain by a merfolk siren
             ... wielding a +0 spear
              (19 damage)
             ... in the Dungeon (Sprint II: "The Violet Keep of Menkaure").
             The game lasted 00:00:53 (93 turns).

Groucho the Unseen (Spriggan Enchanter)               Turns: 93, Time: 00:00:54

Health: -1/48      AC:  2    Str: 10    XL:     7   Next: 48%
Magic:  14/21      EV: 17    Int: 16    God:
Gold:   486        SH:  0    Dex: 14    Spells: 26/26 levels left

rFire   . . .      SeeInvis +   a - +1 dagger
rCold   . . .      Faith    .   (no shield)
rNeg    . . .      Spirit   .   b - +0 robe
rPois   .          Reflect  .   (helmet restricted)
rElec   .          Harm     .   (no cloak)
rCorr   .          Rampage  .   (gloves unavailable)
Will    +....      NoTele   +   (boots unavailable)
Stlth   ..........              (no amulet)
HPRegen 0.16/turn               (no ring)
MPRegen 0.17/turn               (no ring)

@: berserking, very quick
A: very small, no large weapons, unfitting armour, see invisible, speed 3,
strong 1
a: no special abilities


You were in the Dungeon.
You visited 1 branch You collected 486 gold pieces.

Inventory:

Hand Weapons
 a - a +1 dagger (weapon)
Armour
 b - a +0 robe (worn)
Scrolls
 i - a scroll of blinking
Potions
 c - a potion of invisibility
 d - a potion of curing
 e - a potion of heal wounds
 g - 2 potions of magic


   Skills:
 - Level 1.1 Short Blades
 - Level 2.6 Dodging
 * Level 18.0 Stealth
 + Level 10.2 Spellcasting
 + Level 10.5 Hexes


You had 26 spell levels left.
You didn't know any spells.
Your spell library contained the following spells:

 Spells                   Type           Power      Damage    Failure   Level
 Ensorcelled Hibernation  Hex/Ice        50%        N/A       1%          2
 Confusing Touch          Hex            42%        N/A       1%          3
 Tukima's Dance           Hex            42%        N/A       1%          3
 Dazzling Flash           Conj/Hex       50%        N/A       3%          3


Dungeon Overview and Level Annotations

Branches:
Dungeon (1/1)

Altars:


Innate Abilities, Weirdness & Mutations

You are very small and have problems with some larger weapons.
You are too small for most types of armour.
You have supernaturally acute eyesight. (SInv)
You cover ground extremely quickly. (Speed+++)
Your muscles are strong. (Str +4, Int/Dex -1)


Message History

The helpless scorpion fails to defend itself.
You stick the scorpion like a pincushion!!!!
You kill the scorpion!
Your Stealth skill increases to level 17!
Your Hexes skill increases to level 10!
You see here a scorpion corpse.
The helpless scorpion fails to defend itself.
You spit the scorpion like a pig!!!!
You kill the scorpion!
You flicker for a moment.
Your Spellcasting skill increases to level 10!
No target in view!
No target in view!
You see here 243 gold pieces.
The helpless scorpion fails to defend itself.
You spit the scorpion like a pig!!!
You kill the scorpion!
Your Stealth skill increases to level 18!
You now have 486 gold pieces (gained 243).
There is an open door here.
You flicker back into view.
You open the door.
The merfolk siren shouts!
The merfolk siren hits you from afar with a +0 spear!!
Ouch! That really hurt!
There is an open door, spattered with blood here.
A red film seems to cover your vision as you go berserk!
You feel yourself moving faster!
You feel mighty!
The merfolk siren completely misses you.
You are too injured to fight recklessly!
You are too injured to fight recklessly!
You are too injured to fight recklessly!
You completely miss the merfolk siren. The merfolk siren barely misses you.
You hit the merfolk siren.
The merfolk siren is lightly wounded.
Unknown command.
You miss the merfolk siren.
The merfolk siren is lightly wounded.
The merfolk siren hits you with a +0 spear!!
You die...

## ## ##. .##
#..#m.#
####.@.#
##.###'##
#.†###.####
+##.'.<.'$##+
#..###.##...#
##.# #'###.##
######.####
#..##.# ~ #
#...## ~~~


You could see a merfolk siren.

Vanquished Creatures
  4 neqoxecs (D)
  4 scorpions (D)
  2 worms (D)
10 creatures vanquished.

Vanquished Creatures (others)
  Menkaure (D)
1 creature vanquished.

Grand Total: 11 creatures vanquished

Notes
Turn   | Place    | Note
-------+----------+-------------------------------------------
     0 | D        | Groucho the Spriggan Enchanter began the quest for the Orb.
     0 | D        | Reached XP level 1. HP: 9/9 MP: 5/5
     1 | D        | Noticed a scorpion
     1 | D        | Noticed a scorpion
     6 | D        | Noticed a merfolk siren
    15 | D        | Reached skill level 5 in Stealth
    22 | D        | Reached skill level 6 in Stealth
    27 | D        | Noticed a neqoxec
    33 | D        | Killed a neqoxec
    34 | D        | Reached skill level 11 in Stealth
    34 | D        | Reached XP level 2. HP: 13/13 MP: 6/10
    34 | D        | Reached XP level 3. HP: 16/16 MP: 6/11
    34 | D        | Reached XP level 4. HP: 21/21 MP: 7/13
    34 | D        | Noticed a neqoxec
    35 | D        | Noticed a neqoxec
    35 | D        | Noticed a neqoxec
    36 | D        | Gained mutation: Your muscles are strong. (Str +4, Int/Dex
                  | -1) [a neqoxec]
    42 | D        | Killed a neqoxec
    43 | D        | Reached skill level 14 in Stealth
    43 | D        | Reached XP level 5. HP: 21/24 MP: 9/16
    55 | D        | Killed a neqoxec
    56 | D        | Reached skill level 15 in Stealth
    56 | D        | Reached XP level 6. HP: 25/28 MP: 10/18
    59 | D        | Killed a neqoxec
    60 | D        | Reached skill level 16 in Stealth
    60 | D        | Reached XP level 7. HP: 29/32 MP: 10/20
    62 | D        | Killed Menkaure
    77 | D        | Reached skill level 17 in Stealth
    77 | D        | Reached skill level 10 in Hexes
    79 | D        | Reached skill level 10 in Spellcasting
    82 | D        | Reached skill level 18 in Stealth
    93 | D        | Slain by a merfolk siren

Illustrated notes

Levels and vault maps discovered:
D:        the_violet_keep_of_menkaure [sprint2_stairs_cluster_1,
          sprint2_shoproom, sprint2_temple, sprint2_basic_supplies,
          sprint2_obstacle_7, sprint2_obstacle_3, sprint2_obstacle_5,
          sprint2_obstacle_6, sprint2_obstacle_1, sprint2_timed_cluster_1,
          sprint2_smallroom_cluster_1, sprint2_smallroom_final_cluster_1,
          sprint2_transparent_cluster_1, sprint2_second_timed_cluster_1,
          sprint2_sniper_area_1, sprint2_heavy_combat_area_1,
          sprint2_mutation_trap_area_1, sprint2_forest_area_1,
          sprint2_light_combat_area_1, sprint2_behind_water_1,
          sprint2_near_end_vault_1]

Skill      XL: |  1  2  3  4  5  6  7 |
---------------+----------------------+-----
Stealth        | 11 14 15 16 18 | 18.0
Spellcasting   | 6 7 8 9 10 | 10.2
Hexes          | 6 8 9 10 | 10.5
Short Blades   | |  1.1
Dodging        | |  2.6

Action                   |  1- 3 |  4- 6 |  7- 9 || total
-------------------------+-------+-------+-------++-------
Melee: Dagger            |    12 |    23 |     7 ||    42
  Use: Potion            |     2 |       |     1 ||     3
 Stab: Invisible         |     3 |     6 |       ||     9
       Sleeping          |     2 |       |     4 ||     6
Dodge: Dodged            |     4 |     6 |     2 ||    12
